 Dungeon Crawl Stone Soup version 0.15.2 (webtiles) character file.

287 RiddleOfTheSphinx the Insei (level 6, -2/47 HPs)
             Began as a Mummy Monk on Dec 9, 2015.
             Shot with an arrow by a centaur (7 damage)
             ... on Level 5 of the Dungeon.
             The game lasted 00:15:21 (5848 turns).

RiddleOfTheSphinx the Insei (Mummy Monk)            Turns: 5848, Time: 00:15:21

HP  -2/47        AC  2     Str 14      XL: 6   Next:  8%
MP   6/6         EV 12     Int  9      God:
Gold 215         SH  4     Dex 16      Spells:  0 memorised,  5 levels left

rFire  x . .     SeeInvis .       - Unarmed
rCold  + . .     Clarity  .     (no armour)
rNeg   + + +     rCorr    .     g - +0 buckler (curse)
rPois  +         rRot     +     (no helmet)
rElec  .         Spirit   .     d - +1 cloak
SustAb .         Warding  .     (no gloves)
rMut   .         Stasis   .     (no boots)
Gourm  .                        (no amulet)
MR     .....                    (no ring)
                                (no ring)

@: not resistant to hostile enchantments, unstealthy
A: no food or potions, fire vulnerability, restore body, cold resistance 1,
negative energy resistance 3, poison resistance, torment resistance, unbreathing
a: no special abilities


You were on level 5 of the Dungeon.
You were not hungry.

You visited 1 branch of the dungeon, and saw 5 of its levels.

You collected 215 gold pieces.

Inventory:

Armour
 d - a +1 cloak (worn)
 g - a cursed +0 buckler (worn)
Comestibles
 a - a bread ration
 b - 5 fruits (quivered)
Scrolls
 c - 2 scrolls of identify
 h - a scroll of teleportation
 i - a scroll of remove curse


   Skills:
 - Level 3.0 Fighting
 - Level 2.4 Dodging
 - Level 1.6 Stealth
 - Level 2.0 Shields
 * Level 5.6 Unarmed Combat


You had 5 spell levels left.
You didn't know any spells.

Dungeon Overview and Level Annotations

Branches:
Dungeon (5/15)
 Temple: D:4-7

Altars:
Trog

Shops:
D:4 *

Annotations:
D:3 exclusion: downstairs
D:4 exclusions: gnoll, scorpion and worker ant, Menkaure, Prince Ribbit


Innate Abilities, Weirdness & Mutations

You do not eat or drink.
Your flesh is vulnerable to fire.
Your flesh is cold resistant.
You are immune to negative energy.
Your system is resistant to poisons.
You are immune to unholy pain and torment.
You can survive without breathing.


Message History

A hobgoblin and a centaur come into view.
The hobgoblin shouts! x2
The centaur shouts!
The centaur wields a glowing shortbow.
It bursts into flame!
The centaur shoots an arrow.
The arrow hits you! The arrow burns you.
The centaur shoots an arrow.
The arrow hits you! The arrow burns you.
You see here 2 arrows.
The centaur shoots an arrow.
The arrow closely misses you.
The centaur shoots an arrow.
The arrow completely misses you.
You see here an arrow.
The centaur shoots an arrow.
The arrow hits you!
* * * LOW HITPOINT WARNING * * *
The arrow burns you!
* * * LOW HITPOINT WARNING * * *
You see here an arrow.
Read which item? (? for menu, Esc to quit)
Okay, then.
A quokka comes into view.
The centaur shoots an arrow.
The arrow hits you!
You die...

...####.#.####.g..(#....
................)........
.#.........g#.####......
. . ##......#c#..#
##..... ##..
......##...#...## ##....
#.... ....# #.g#..###
..... ..#. ... ##.r#..#
..... #Z..#.## #.....##
... .##......##. #..@..#
...Z......#.##....##
.#..#..........[.##
.....#.###..##...##
..................#
######.####.##..#.#
#............#.##
#......#...###..#
####..........####.#


You could see a centaur, a quokka and 2 hobgoblins.

Vanquished Creatures
  A crimson imp (D:4)
  A sky beast zombie (D:5)
  10 adders
  An orc skeleton (D:5)
  2 worms (D:2)
  A shadow imp (D:4)
  7 giant geckos
  7 orcs
  3 ball pythons
  12 bats
  8 giant cockroaches
  11 hobgoblins
  3 jackals (D:2)
  5 giant newts
  10 goblins
  A goblin skeleton (D:4)
  7 kobolds
  2 quokkas
  13 rats
105 creatures vanquished.

Notes
Turn   | Place    | Note
--------------------------------------------------------------
     0 | D:1      | RiddleOfTheSphinx, the Mummy Monk, began the quest for the Orb.
     0 | D:1      | Reached XP level 1. HP: 18/18 MP: 1/1
   481 | D:1      | Reached XP level 2. HP: 21/24 MP: 2/2
  1190 | D:1      | Reached skill level 4 in Unarmed Combat
  1325 | D:1      | Reached XP level 3. HP: 29/29 MP: 3/3
  2030 | D:2      | Reached XP level 4. HP: 16/35 MP: 4/4
  2874 | D:2      | Reached skill level 5 in Unarmed Combat
  3055 | D:3      | Found a bloodstained altar of Trog.
  3172 | D:3      | Reached skill level 1 in Shields
  3422 | D:3      | Reached XP level 5. HP: 24/41 MP: 5/5
  3828 | D:4      | Noticed Prince Ribbit
  3841 | D:4      | Noticed an ogre
  3899 | D:4      | Found Gerezur's Elemental Accessories.
  4398 | D:4      | Noticed Menkaure
  4788 | D:5      | Entered Level 5 of the Dungeon
  5644 | D:5      | Reached XP level 6. HP: 36/47 MP: 6/6
  5827 | D:5      | Noticed a centaur
  5831 | D:5      | HP: 2/47 [centaur/arrow (10)]
  5848 | D:5      | Shot with an arrow by a centaur

Action                   |  1- 3 |  4- 6 || total
-------------------------+-------+-------++-------
Melee: Unarmed           |   167 |   271 ||   438
Evoke: Wand              |       |     1 ||     1
  Use: Scroll            |       |     6 ||     6
 Stab: Sleeping          |       |     1 ||     1
